 Dungeon Crawl Stone Soup version 0.29.1-15-g9cfb28693d (webtiles) character file.

Game seed: 3347296253927796908

2986 Peloso the Carver (level 9, 0/79 HPs)
             Began as a Minotaur Fighter on Apr 19, 2023.
             Killed by nerve-wracking pain
             ... invoked by an orc priest
              (3 damage)
             ... on level 7 of the Dungeon.
             The game lasted 00:12:32 (9306 turns).

Peloso the Carver (Minotaur Fighter)                Turns: 9306, Time: 00:12:34

Health: 0/79       AC: 12    Str: 23    XL:     9   Next: 53%
Magic:  8/8        EV:  9    Int:  5    God:
Gold:   245        SH:  6    Dex: 18    Spells: 8/8 levels left

rFire   + . .      SeeInvis .   a - +0 long sword
rCold   . . .      Faith    .   c - +0 buckler
rNeg    . . .      Spirit   .   p - +0 chain mail
rPois   .          Reflect  .   (helmet restricted)
rElec   .          Harm     .   (no cloak)
rCorr   .          Rampage  .   (no gloves)
Will    .....                   u - +0 pair of boots
Stlth   ..........              (no amulet)
HPRegen 0.23/turn               k - +6 ring of dexterity
MPRegen 0.11/turn               g - ring of protection from fire

@: lethally poisoned (0 -> -10)
A: horns 2, retaliatory headbutt
a: no special abilities


You were on level 7 of the Dungeon.
You visited 1 branch of the dungeon, and saw 7 of its levels.
You also visited: Sewer.

You collected 245 gold pieces.

Inventory:

Hand Weapons
 a - a +0 long sword (weapon)
Missiles
 F - a throwing net (quivered)
Armour
 b - a +0 scale mail
 c - a +0 buckler (worn)
 p - a +0 chain mail (worn)
 u - a +0 pair of boots (worn)
Jewellery
 g - a ring of protection from fire (right hand)
 k - a +6 ring of dexterity (left hand)
 C - a ring of protection from cold
 H - an amulet of magic regeneration
Wands
 m - a wand of mindburst (19)
Scrolls
 e - a scroll of teleportation
 j - 2 scrolls of silence
 q - a scroll of butterflies
 s - a scroll of brand weapon {unknown}
 v - a scroll of torment {unknown}
 w - 3 scrolls of fear
 x - a scroll of enchant armour {unknown}
 y - 2 scrolls of immolation {unknown}
 A - 3 scrolls of poison {unknown}
 B - a scroll of acquirement {unknown}
 D - a scroll of identify
 E - a scroll of amnesia {unknown}
Potions
 d - a potion of might
 f - 2 potions of curing
 h - 3 potions of ambrosia
 i - 2 potions of heal wounds
 l - 3 potions of degeneration {unknown}
 n - a potion of resistance
 o - a potion of lignification {unknown}
 r - a potion of invisibility {unknown}
 t - a potion of cancellation {unknown}
 z - a potion of brilliance {unknown}
 G - a potion of haste {unknown}
 I - a potion of mutation {unknown}


   Skills:
 + Level 7.2 Fighting
 + Level 10.1 Long Blades
 + Level 8.8 Armour
 + Level 2.9 Dodging
 + Level 0.6 Stealth
 + Level 7.4 Shields


You had 8 spell levels left.
You didn't know any spells.
Your spell library contained the following spells:

 Spells                   Type           Power      Damage    Failure   Level
 Freeze                   Ice            0%         1d3       99%         1
 Frozen Ramparts          Ice            0%         1d1       100%        3
 Portal Projectile        Hex/Tloc       0%         N/A       100%        3
 Tukima's Dance           Hex            0%         N/A       100%        3
 Hailstorm                Conj/Ice       0%         3d3       100%        4
 Blade Hands              Tmut           0%         N/A       100%        5


Dungeon Overview and Level Annotations

Branches:
Dungeon (7/15)              Sewer (visited)
 Temple: D:4-7

Altars:
Fedhas
Qazlal
Vehumet


Innate Abilities, Weirdness & Mutations

You have a pair of horns on your head.
You reflexively headbutt those who attack you in melee.


Message History

Beogh smites you!
* * * LOW HITPOINT WARNING * * *
You block the orc priest's attack.
You feel much better. The orc hits you with a +0 trident.
The orc priest hits you but does no damage.
You hit the orc.
You kill the orc!
The orc priest mumbles some strange prayers to Beogh against you.
You struggle to resist.
You see here a +0 dagger.
You hit the orc priest.
The orc priest is moderately wounded.
The orc priest hits you but does no damage.
You closely miss the orc priest.
The orc priest is moderately wounded.
The orc priest invokes the aid of Beogh against you.
Beogh smites you!
You barely miss the orc priest.
The orc priest is moderately wounded.
The orc priest hits you with a +0 trident.
You barely miss the orc priest. Your headbutt misses the orc priest.
The orc priest is moderately wounded.
The orc priest hits you with a +0 trident.
You slash the orc priest! You headbutt the orc priest.
You kill the orc priest!
The orc priest invokes the aid of Beogh against you.
Pain shoots through your body!
* * * LOW HITPOINT WARNING * * *
You block something's attack.
The orc priest mumbles some strange prayers to Beogh against you.
Beogh smites you!
* * * LOW HITPOINT WARNING * * *
Items here: ))))) [[ ††††.
You hit the orc priest.
The orc priest is lightly wounded.
Something hits you but does no damage.
You are lethally poisoned!
The orc priest invokes the aid of Beogh against you.
Pain shoots through your body!
You die...

####.# .# .....
... .###.... ...
.......###.#####
...[............
... ..... ...
#.#####{###.##
#.#....o@)...#
#.#.#.#.######
#.#...#.#
#.###.#.#
#.....#.#
##......#
##......#
#.......#
#...###.#


You could see an orc priest.

Vanquished Creatures
  A steam dragon (D:4)
  2 water moccasins
  An ice beast (D:6)
  A black bear (D:6)
  An ogre (D:5)
  2 centaurs
  6 kobold brigands
  A phantom (D:6)
  2 scorpions (D:4)
  7 necrophages (D:6)
  5 killer bees (D:7)
  A centaur zombie (D:6)
  A gnoll bouda (D:6)
  6 hounds
  A jelly (D:5)
  4 orc priests
  3 iguanas
  Terence (D:3)
  4 orc wizards
  A howler monkey zombie (D:6)
  8 gnolls
  13 adders
  4 river rats
  A shadow imp (D:6)
  A white imp (D:6)
  An ufetubus (D:6)
  3 worms (Sewer)
  5 dart slugs
  20 orcs
  2 bats
  7 endoplasms
  6 giant cockroaches
  6 goblins
  10 hobgoblins
  4 jackals (D:4)
  2 quokkas
  10 ball pythons
  3 frilled lizards
  17 kobolds
  15 rats
189 creatures vanquished.

Vanquished Creatures (others)
  An endoplasm (D:4)
  2 goblins (D:4)
  A hobgoblin (D:4)
  A bush (D:6)
  20 plants (D:6)
25 creatures vanquished.

Grand Total: 214 creatures vanquished

Notes
Turn   | Place    | Note
-------+----------+-------------------------------------------
     0 | D:1      | Peloso the Minotaur Fighter began the quest for the Orb.
     0 | D:1      | Reached XP level 1. HP: 19/19 MP: 0/0
    53 | D:1      | Reached XP level 2. HP: 27/27 MP: 1/1
   534 | D:1      | Reached XP level 3. HP: 30/33 MP: 2/2
  2194 | D:2      | Reached skill level 3 in Long Blades
  2568 | D:2      | Reached XP level 4. HP: 41/41 MP: 3/3
  2933 | D:3      | Found a faded altar of an unknown god.
  3080 | D:3      | Found a stormy altar of Qazlal.
  3080 | D:3      | Noticed Terence
  3096 | D:3      | Killed Terence
  3173 | D:3      | Reached XP level 5. HP: 47/47 MP: 4/4
  3212 | D:3      | Reached skill level 4 in Long Blades
  3223 | D:3      | Found a glowing drain.
  3227 | Sewer    | Entered a sewer
  3273 | Sewer    | Reached skill level 1 in Dodging
  3561 | Sewer    | Reached skill level 5 in Armour
  3698 | Sewer    | Reached skill level 5 in Long Blades
  3698 | Sewer    | Reached skill level 5 in Shields
  3698 | Sewer    | Reached XP level 6. HP: 41/55 MP: 5/5
  3949 | Sewer    | Reached skill level 5 in Fighting
  4137 | Sewer    | Reached XP level 7. HP: 56/61 MP: 6/6
  4801 | D:4      | Reached skill level 6 in Long Blades
  5170 | D:4      | Noticed a steam dragon
  5189 | D:4      | Killed a steam dragon
  5190 | D:4      | Reached skill level 7 in Long Blades
  5586 | D:4      | Found a radiant altar of Vehumet.
  5730 | D:5      | Entered Level 5 of the Dungeon
  5748 | D:5      | Reached XP level 8. HP: 68/70 MP: 7/7
  6550 | D:5      | Reached skill level 8 in Long Blades
  7996 | D:6      | Reached XP level 9. HP: 76/78 MP: 8/8
  8084 | D:6      | Reached skill level 9 in Long Blades
  8353 | D:6      | Found a blossoming altar of Fedhas.
  9280 | D:7      | Reached skill level 10 in Long Blades
  9305 | D:7      | HP: 3/79 [orc priest/divine providence (16)]
  9306 | D:7      | Killed from afar by an orc priest

Illustrated notes

Levels and vault maps discovered:
D:1:      tarquinn_simple_flora_water_d, layout_rooms, minmay_pentomino_x4
D:2:      layout_rooms, kennysheep_small_spiral
D:3:      layout_loops_ring, nicolae_qazlal_scattered_showers,
          gup_sewer_entry_spiral, shapermc_ecumenical_altar_mp_urbaneastern,
          uniq_terence
D:4:      layout_rooms, lemuel_crystal_altar, roderic_roman_lattice,
          minmay_vboxes
D:5:      layout_loops_ring, minmay_temple_entry_from_below_a,
          hangedman_decor_opposing, chequers_serial_rivers_small_b
D:6:      layout_loops_cross, fedhas_altar_decomposition,
          lexackson_kobold_supper
D:7:      layout_basic

Skill      XL: |  1  2  3  4  5  6  7  8  9 |
---------------+----------------------------+-----
Fighting       | 4 5 6 7 |  7.2
Armour         | 4 5 6 8 |  8.8
Shields        | 4 5 6 7 |  7.4
Long Blades    | 3 5 7 8 10 | 10.1
Dodging        | 1 2 |  2.9
Stealth        | |  0.6

Action                   |  1- 3 |  4- 6 |  7- 9 || total
-------------------------+-------+-------+-------++-------
Melee: Long sword        |    68 |   154 |   357 ||   579
       Headbutt          |    10 |    26 |    68 ||   104
  Use: Scroll            |     3 |       |     6 ||     9
       Potion            |     2 |       |     2 ||     4
Armor: Scale mail        |    35 |    17 |       ||    52
       Chain mail        |       |    46 |   184 ||   230
Dodge: Dodged            |    40 |    44 |   131 ||   215
Block: Buckler           |    16 |    34 |   101 ||   151
